 Dungeon Sprint DCSS version 0.31-a0-1009-g454b1f1e0a (webtiles) character file.

Game seed: 1170833052190844145

984 BinkBink the Eclecticist (level 7, -14/36 HPs)
             Began as a Deep Elf Fire Elementalist on Nov 15, 2023.
             Was an Initiate of Jiyva.
             Demolished by a hornet (17 damage)
             ... while paralysed by a hornet
             ... in the Dungeon (Sprint I: "Red Sonja").
             The game lasted 00:03:24 (375 turns).

BinkBink the Eclecticist (DEFE)                      Turns: 375, Time: 00:03:25

Health: -14/36     AC:  2    Str:  5    XL:     7   Next: 97%
Magic:  20/32      EV:  2    Int: 22    God:    Jiyva [......]
Gold:   162        SH:  0    Dex: 15    Spells: 43/46 levels left

rFire   . .          .
                       - Unarmed
rCold   . . .        (no shield)
rNeg    . . .        a - +0 robe
rPois   .            (no helmet)
rElec   .            (no cloak)
rCorr   .            (no gloves)
SInv    .            (no boots)
Will    .....        (no amulet)
Stlth   +            (no ring)
HPRegen 0.26/turn    (no ring)
MPRegen 0.23/turn

%: no teleportation
@: confused, paralysed, lethally poisoned (-14 -> -22)
A: no striking features
a: Renounce Religion


You were in the Dungeon.
You worshipped Jiyva.
Jiyva was noncommittal.
You visited 1 branch You collected 162 gold pieces.

Inventory:

Armour
 a - a +0 robe (worn)
Wands
 f - a wand of paralysis (9)
 h - a wand of mindburst (23)
Scrolls
 e - a scroll of fear {unknown}
 g - a scroll of blinking
Potions
 b - 3 potions of magic
 c - a potion of curing
 d - a potion of heal wounds


   Skills:
 - Level 2.4 Dodging
 - Level 2.4 Stealth
 + Level 4.9 Unarmed Combat
 + Level 20.4 Spellcasting
 - Level 1.1 Conjurations
 - Level 3.2 Fire Magic


You had 43 spell levels left.
You knew the following spells:

 Your Spells              Type           Power      Damage    Failure   Level
a - Foxfire               Conj/Fire      100%       2x1d9     1%          1
b - Scorch                Fire           72%        2d8       1%          2

Your spell library contained the following spells:

 Spells                   Type           Power      Damage    Failure   Level
 Inner Flame              Hex/Fire       29%        N/A       3%          3
 Volatile Blastmotes      Fire/Tloc      58%        2d14      3%          3
 Flame Wave               Conj/Fire      32%        2d9       9%          4


Dungeon Overview and Level Annotations

Branches:
Dungeon (1/1)

Altars:
Makhleb
Sif Muna
Vehumet
Wu Jian
Xom
Jiyva
Lugonu


Message History

Flames lash the yak but do no damage.
Casting: Scorch (safe; 1% risk of failure)
Confirm with . or Enter, or press ? or * to list all spells.
Flames lash the yak.
The yak is burned terribly!
The yak is severely wounded.
The yak gores you.
Unknown command.
Casting: Scorch (safe; 1% risk of failure)
Confirm with . or Enter, or press ? or * to list all spells.
Flames lash the centaur warrior.
The centaur warrior is moderately wounded.
The centaur warrior's fire resistance burns away.
The yak gores you.
You open the door. 2 ballistomycete spores come into view.
The ballistomycete spore waves its rhizomes.
The centaur warrior unwields a +0 orcbow.
The centaur warrior misses you. The centaur warrior closely misses you.
The yak closely misses you. The centaur warrior hits you.
The centaur warrior kicks you but does no damage.
Found 113 gold pieces, 2 potions of curing and a golden potion.
Okay, then.
Casting: Scorch (safe; 1% risk of failure)
Confirm with . or Enter, or press ? or * to list all spells.
Flames lash the yak.
The yak is burned terribly!
The yak is severely wounded.
The ballistomycete spore explodes!
The explosion of spores engulfs you!
You are confused.
The explosion of spores engulfs the ballistomycete spore!
The ballistomycete spore explodes!
The hornet stings you!
* * * LOW HITPOINT WARNING * * *
You are poisoned.
You suddenly lose the ability to move!
The centaur warrior hits you.
* * * LOW HITPOINT WARNING * * *
The centaur warrior kicks you.
* * * LOW HITPOINT WARNING * * *
The hornet stings you!
You die...

#..# ####
##.# #..#
#.#_.+
#⌠⌠#
..§§_#
####
#_§#+#
##.#
#######.##
.........+
++####yYc#
##@## #'#
!$!


$!$$$ ####### You could see a centaur warrior (combustible), a yak (combustible)
and a hornet.

Vanquished Creatures
  Sonja (D)
  A slime creature (D)
  Sigmund (D)
  An ogre (D)
  Ijyb (D)
5 creatures vanquished.

Vanquished Creatures (others)
  A shining eye (D)
  2 glass eyes (D)
  3 necrophages (D)
  13 jellies (D)
  2 ballistomycete spores (D)
  16 foxfires (D)
37 creatures vanquished.

Grand Total: 42 creatures vanquished

Notes
Turn   | Place    | Note
-------+----------+-------------------------------------------
     0 | D        | BinkBink the Deep Elf Fire Elementalist began the quest for
                  | the Orb.
     0 | D        | Reached XP level 1. HP: 10/10 MP: 6/6
     2 | D        | Noticed Ijyb
     8 | D        | Killed Ijyb
     9 | D        | Reached skill level 1 in Unarmed Combat
     9 | D        | Reached skill level 7 in Spellcasting
     9 | D        | Reached XP level 2. HP: 7/15 MP: 6/12
    34 | D        | Learned a level 2 spell: Scorch
    49 | D        | Noticed an ogre
    55 | D        | Killed an ogre
    56 | D        | Reached skill level 11 in Spellcasting
    56 | D        | Reached XP level 3. HP: 19/19 MP: 5/17
    56 | D        | Reached XP level 4. HP: 24/24 MP: 5/19
   144 | D        | Noticed Sigmund
   154 | D        | Killed Sigmund
   155 | D        | Reached skill level 14 in Spellcasting
   155 | D        | Reached XP level 5. HP: 28/28 MP: 12/24
   155 | D        | Reached XP level 6. HP: 32/32 MP: 12/25
   258 | D        | Found a burning altar of Makhleb.
   258 | D        | Found a viscous altar of Jiyva.
   258 | D        | Found a shimmering altar of Xom.
   258 | D        | Found a corrupted altar of Lugonu.
   258 | D        | Noticed a slime creature
   265 | D        | Killed a slime creature
   266 | D        | Reached skill level 17 in Spellcasting
   269 | D        | Became a worshipper of Jiyva Jigalevi the Shapeless
   271 | D        | Found an ornate altar of the Wu Jian Council.
   271 | D        | Found a shimmering blue altar of Sif Muna.
   273 | D        | Found a radiant altar of Vehumet.
   276 | D        | Noticed Sonja
   281 | D        | Killed Sonja
   282 | D        | Reached skill level 20 in Spellcasting
   282 | D        | Reached XP level 7. HP: 35/36 MP: 11/32
   285 | D        | Noticed a shining eye
   290 | D        | Noticed a glass eye
   298 | D        | Killed a glass eye
   347 | D        | Killed a shining eye
   366 | D        | Noticed a centaur warrior
   367 | D        | Noticed a yak
   369 | D        | Noticed a hornet
   373 | D        | Killed a glass eye
   375 | D        | Paralysed by a hornet for 3 turns
   375 | D        | Demolished by a hornet

Illustrated notes

Levels and vault maps discovered:
D:        dungeon_sprint_1 [red_sonja_temple_1, red_sonja_temple_small_1]

Skill      XL: |  1  2  3  4  5  6 |
---------------+-------------------+-----
Unarmed Combat | 1 2 3 4 |  4.9
Spellcasting   | 7 11 14 20 | 20.4
Dodging        | |  2.4
Stealth        | |  2.4
Conjurations   | |  1.1
Fire Magic     | |  3.2

Action                     |  1- 3 |  4- 6 |  7- 9 || total
---------------------------+-------+-------+-------++-------
  Melee: Unarmed           |     5 |       |       ||     5
   Cast: Scorch            |     3 |    10 |     5 ||    18
         Foxfire           |     1 |     6 |     3 ||    10
    Use: Potion            |     1 |     1 |       ||     2
 Armour: Robe              |     2 |     1 |     9 ||    12
  Dodge: Dodged            |     1 |     2 |     4 ||     7

Table legend: (Time is in decaauts)
 A = Elapsed time spent in this place.
 B = Non-inter-level travel time spent in this place.
 C = Inter-level travel time spent in this place.
 D = Time resting spent in this place.
 E = Time spent auto-exploring this place.
 F = Levels seen in this place.
 G = Mean time per level.
                   A        B        C        D        E       F      G
               +--------+--------+--------+--------+--------+-----+--------+
         Total |    364 |    364 |      0 |    267 |      0 |   1 |  364.0 |
       Dungeon |    364 |    364 |      0 |    267 |      0 |   1 |  364.0 |
               +--------+--------+--------+--------+--------+-----+--------+

Top non-repeatable levels by time:
       D: 364 daAuts
